 Dungeon Crawl Stone Soup version 0.26-a0-712-ga5a9c9c9d0 (webtiles) character file.

Game seed: 14835620503772018606

150 heikuro the Skirmisher (level 5, -7/42 HPs)
             Began as a Formicid Abyssal Knight on Nov 1, 2020.
             Was a Believer of Lugonu.
             Killed by nerve-wracking pain
             ... invoked by Grinder
              (14 damage)
             ... on level 3 of the Dungeon.
             The game lasted 00:05:00 (3791 turns).

heikuro the Skirmisher (Formicid Abyssal Knight)    Turns: 3791, Time: 00:05:01

Health: -7/42      AC: 11    Str: 17    XL:     5   Next: 58%
Magic:  7/7        EV:  5    Int: 12    God:    Lugonu [**....]
Gold:   182        SH:  0    Dex: 10    Spells: 4/4 levels left

rFire    . . .     SeeInvis +   c - +2 dagger (venom)
rCold    . . .     Faith    .   (no shield)
rNeg     . . .     Spirit   .   v - +0 plate armour
rPois    .         Reflect  .   (helmet unavailable)
rElec    .         Harm     .   (no cloak)
rCorr    .         Rampage  .   (no gloves)
MR       .....                  (no boots)
Stlth    ..........             (no amulet)
HPRegen  0.14/turn              i - ring of teleportation (curse)
MPRegen  0.10/turn              (no ring)

@: no status effects
A: permanent stasis, dig shafts and tunnels, four strong arms, antennae 3
a: Dig, Shaft Self, Depart the Abyss, Bend Space, Renounce Religion


You were on level 3 of the Dungeon.
You worshipped Lugonu.
Lugonu was pleased with you.
You visited 1 branch of the dungeon, and saw 3 of its levels.
You visited the Abyss 1 time.

You collected 182 gold pieces.

Inventory:

Hand Weapons
 a - a +1 hand axe
 c - a +2 dagger of venom (weapon)
Missiles
 d - 10 sling bullets
 t - 7 poisoned darts (quivered)
Armour
 v - a +0 plate armour (worn)
Jewellery
 i - a cursed ring of teleportation (left hand)
Scrolls
 b - a scroll of random uselessness {unknown}
 f - a scroll of enchant armour
 h - 4 scrolls of remove curse
 j - 4 scrolls of teleportation {unknown}
 n - a scroll of blinking {unknown}
 o - a scroll of enchant weapon {unknown}
 p - a scroll of noise {unknown}
 s - 2 scrolls of fear {unknown}
Potions
 e - 2 potions of degeneration {unknown}
 g - 2 potions of mutation {unknown}
 k - 4 potions of curing {unknown}
 l - 2 potions of heal wounds {unknown}
 m - 2 potions of flight {unknown}
 q - 3 potions of ambrosia {unknown}
 r - a potion of lignification {unknown}
 u - a potion of brilliance {unknown}


   Skills:
 + Level 4.0 Fighting
 * Level 3.6 Axes
 + Level 3.2 Armour
 - Level 1.0 Dodging
 + Level 3.4 Invocations


You had 4 spell levels left.
You didn't know any spells.
Your spell library was empty.

Dungeon Overview and Level Annotations

Branches:
Dungeon (3/15)

Altars:
Ashenzari
Cheibriados
Wu Jian

Annotations:
D:3 Grinder


Innate Abilities, Weirdness & Mutations

You cannot be hasted, slowed, berserked, paralysed or teleported.
You can dig through walls and to a lower floor.
Your four strong arms can wield two-handed weapons with a shield.
You have a pair of large antennae on your head. (SInv)


Message History

Grinder is severely wounded.
Grinder hits you.
You writhe in agony.
You barely miss Grinder.
Grinder is severely wounded.
Grinder hits you!
* * * LOW HITPOINT WARNING * * *
You writhe in agony.
* * * LOW HITPOINT WARNING * * *
You closely miss Grinder.
Grinder is severely wounded.
Grinder gestures at you.
You struggle to resist.
You hit Grinder.
Grinder is severely wounded.
Grinder hits you but does no damage.
You hit Grinder.
Grinder looks even sicker.
Grinder is almost dead.
Grinder gestures at you. Pain shoots through your body!
You die...

..##.....# #.....# ........#
..##..##.####.....# ..5....# #
#.##........#.....# ......# #
#.##.##...#.#.....# #.....# #
#.##.##...#.#.....# ##.....# #
#.##.##...#.##..#.# #......# #
#...............#.# #.....## #
#########.####..#.####.....# ####
...............5@...)......# #...
#########.#.....#...##.....# #...
........#.#.###.###.##.....# #...
#...............5...###.#### #...
...♣..#.#######..#..# #.# #...
..♣_♣............#..# #.# #...
#..♣....#######..#..# #.# #...
#.....#...#####..#..###.######...
......#....[........##...#...>#'#


You could see Grinder (very poisoned).

Vanquished Creatures
  Natasha (twice) (D:3)
  4 adders
  An ooze (D:3)
  3 dart slugs
  A leopard gecko (D:2)
  4 orcs (D:3)
  7 bats
  A giant cockroach (D:2)
  7 goblins
  4 hobgoblins
  8 kobolds
  A quokka (D:2)
  A ball python (D:1)
  4 frilled lizards
  5 rats
53 creatures vanquished.

Notes
Turn   | Place    | Note
-------+----------+-------------------------------------------
     0 | Abyss:1  | heikuro the Formicid Abyssal Knight began the quest for the
                  | Orb.
     0 | Abyss:1  | Reached XP level 1. HP: 18/18 MP: 2/2
    56 | Abyss:1  | Noticed a large abomination
    60 | D:1      | Escaped the Abyss
   143 | D:1      | Reached skill level 1 in Dodging
   154 | D:1      | Reached XP level 2. HP: 20/24 MP: 3/3
   171 | D:1      | Reached * piety under Lugonu
   278 | D:1      | Found a broken altar of Ashenzari.
   616 | D:1      | Reached XP level 3. HP: 27/29 MP: 4/4
  1232 | D:2      | Found a snail-covered altar of Cheibriados.
  1657 | D:2      | Reached XP level 4. HP: 32/37 MP: 6/6
  2212 | D:3      | Reached ** piety under Lugonu
  2350 | D:3      | Noticed Natasha
  2358 | D:3      | Killed Natasha
  2358 | D:3      | Reached XP level 5. HP: 27/42 MP: 7/7
  2896 | D:3      | Found an ornate altar of the Wu Jian Council.
  2990 | D:3      | Noticed Natasha
  3003 | D:3      | Killed Natasha
  3003 | D:3      | Reached skill level 4 in Fighting
  3419 | D:3      | Found a faded altar of an unknown god.
  3750 | D:3      | Noticed Grinder
  3791 | D:3      | Killed from afar by Grinder

Illustrated notes

Levels and vault maps discovered:
D:1:      evilmike_arrival_rings, layout_loops_ring, ashenzari_altar_1
D:2:      layout_loops_ring, nicolae_overflow_crystal_walls, kennysheep_nub
D:3:      layout_basic, lemuel_coloured_pillars_altar,
          chequers_ecumenical_altar_simple, uniq_grinder, uniq_natasha

Skill      XL: |  1  2  3  4  5 |
---------------+----------------+-----
Dodging        | 1 |  1.0
Axes           | 3 |  3.6
Invocations    | 3 |  3.4
Armour         | 3 |  3.2
Fighting       | 4 |  4.0

Action                   |  1- 3 |  4- 6 || total
-------------------------+-------+-------++-------
Melee: Hand axe          |    13 |       ||    13
       Dagger            |    65 |   102 ||   167
Invok: Depart the Abyss  |     1 |       ||     1
  Use: Scroll            |       |     2 ||     2
 Stab: Sleeping          |     1 |       ||     1
Armor: Leather armour    |    16 |       ||    16
       Ring mail         |     4 |    28 ||    32
       Plate armour      |       |     6 ||     6
Dodge: Dodged            |    51 |    44 ||    95

Table legend: (Time is in decaauts)
 A = Elapsed time spent in this place.
 B = Non-inter-level travel time spent in this place.
 C = Inter-level travel time spent in this place.
 D = Time resting spent in this place.
 E = Time spent auto-exploring this place.
 F = Levels seen in this place.
 G = Mean time per level.
                   A        B        C        D        E       F      G
               +--------+--------+--------+--------+--------+-----+--------+
         Total |   3791 |   3747 |     44 |   1137 |   1877 |   4 |  947.8 |
       Dungeon |   3731 |   3687 |     44 |   1137 |   1830 |   3 | 1243.7 |
         Abyss |     60 |     60 |      0 |      0 |     47 |   1 |   60.0 |
               +--------+--------+--------+--------+--------+-----+--------+

Top non-repeatable levels by time:
     D:3: 1835 daAuts
     D:2: 1010 daAuts
     D:1: 885 daAuts
 Abyss:1: 60 daAuts
